 Dungeon Crawl Stone Soup version 0.22.0-38-g04b72b8 (webtiles) character file.

14 Monsterracer the Magician (level 2, 0/20 HPs)
             Began as a Gnoll Wizard on Aug 29, 2018.
             Slain by a giant cockroach (2 damage)
             ... on level 1 of the Dungeon.
             The game lasted 00:00:37 (304 turns).

Monsterracer the Magician (Gnoll Wizard)             Turns: 304, Time: 00:00:37

Health: 0/20       AC:  2    Str:  9    XL:     2   Next: 41%
Magic:  4/10       EV: 14    Int: 20    God:
Gold:   0          SH:  0    Dex: 13    Spells: 14/15 levels left

rFire    . . .     SeeInvis .   e - +0 spear
rCold    . . .     Gourm    .   (no shield)
rNeg     . . .     Faith    .   a - +0 robe
rPois    .         Spirit   .   b - +0 hat
rElec    .         Reflect  .   (no cloak)
rCorr    .         Harm     .   (no gloves)
MR       .....                  (no boots)
Stlth    +++.......             (no amulet)
HPRegen  0.06/turn              (no ring)
MPRegen  0.12/turn              (no ring)

@: very slightly contaminated
A: distributed training, fangs 1, strong nose
a: no special abilities


You were on level 1 of the Dungeon.
You were not hungry.

You visited 1 branch of the dungeon, and saw 1 of its levels.

Inventory:

Hand Weapons
 e - a +0 spear (weapon)
Armour
 a - a +0 robe (worn)
 b - a +0 hat (worn)
Scrolls
 d - a scroll of teleportation {unknown}
Comestibles
 c - a ration


   Skills:
 + Level 0.4 Fighting
 + Level 0.4 Short Blades
 + Level 0.4 Long Blades
 + Level 0.4 Axes
 + Level 0.4 Maces & Flails
 + Level 0.4 Polearms
 + Level 0.4 Staves
 + Level 0.4 Slings
 + Level 0.4 Bows
 + Level 0.4 Crossbows
 + Level 0.4 Throwing
 + Level 0.4 Armour
 + Level 4.5 Dodging
 + Level 4.1 Stealth
 + Level 0.4 Shields
 + Level 0.4 Unarmed Combat
 + Level 7.1 Spellcasting
 + Level 2.0 Conjurations
 + Level 0.2 Hexes
 + Level 0.2 Charms
 + Level 2.0 Summonings
 + Level 0.2 Necromancy
 + Level 2.0 Translocations
 + Level 0.2 Transmutations
 + Level 0.2 Fire Magic
 + Level 0.2 Ice Magic
 + Level 0.2 Air Magic
 + Level 0.2 Earth Magic
 + Level 0.2 Poison Magic
 + Level 0.5 Invocations
 + Level 0.4 Evocations


You had 14 spell levels left.
You knew the following spells:

 Your Spells              Type           Power        Failure   Level  Hunger
a - Magic Dart            Conj           ###.         4%          1    None

Your spell library contained the following spells:

 Spells                   Type           Power        Failure   Level  Hunger
 Blink                    Tloc           N/A          6%          2    None
 Call Imp                 Summ           ###.....     6%          2    None
 Slow                     Hex            #.......     13%         2    None
 Conjure Flame            Conj/Fire      ##......     17%         3    #......
 Mephitic Cloud           Conj/Pois/Air  ##......     21%         3    #......


Dungeon Overview and Level Annotations

Branches:
Dungeon (1/15)

Altars:


Innate Abilities, Weirdness & Mutations

Your experience applies equally to all skills.
You have very sharp teeth.
Your uncanny sense of smell can sniff out nearby items.


Message History

Unknown command.
A frilled lizard and a giant cockroach come into view.
The frilled lizard hisses angrily.
A kobold comes into view. It is wielding a dagger.
Found 8 gold pieces.
You see here a bat corpse.
A kobold comes into view.
Found 12 gold pieces.
The frilled lizard barely misses you.
The kobold shouts! x2
The kobold throws a stone.
The stone barely misses you.
A giant cockroach comes into view.
The giant cockroach waves its antennae.
The giant cockroach bites you. The frilled lizard closely misses you.
You take 1 damage, and have 19/20 hp.
The kobold throws a stone.
The stone hits you. The giant cockroach closely misses you.
The frilled lizard misses you.
You see here a stone.
You take 2 damage, and have 17/20 hp.
The kobold closely misses you. The giant cockroach bites you.
A goblin comes into view.
You see here a spear.
You take 2 damage, and have 15/20 hp.
MP restored: 10
e - a spear The kobold hits you.
The giant cockroach bites you. The kobold hits you with a dagger.
* * * LOW HITPOINT WARNING * * *
You take 6 damage, and have 9/20 hp.
MASSIVE DAMAGE!!
Wield which item (- for none, * to show all)? (? for menu, Esc to quit)
e - a +0 spear (weapon)
The frilled lizard misses you. The kobold hits you.
* * * LOW HITPOINT WARNING * * *
The giant cockroach bites you.
* * * LOW HITPOINT WARNING * * *
You take 5 damage, and have 4/20 hp.
MASSIVE DAMAGE!!
The giant cockroach closely misses you. The frilled lizard closely misses you.
The kobold closely misses you. The giant cockroach bites you.
* * * LOW HITPOINT WARNING * * *
Found 10 gold pieces.
You take 2 damage, and have 2/20 hp.
The frilled lizard misses you. The frilled lizard barely misses you.
The giant cockroach barely misses you.
The giant cockroach completely misses you.
The frilled lizard unfolds its giant frill.
The giant cockroach barely misses you.
Casting: Magic Dart (safe; 4% risk of failure)
Confirm with . or Enter, or press ? or * to list all spells.
Aiming: Magic Dart (safe; 4% risk of failure)
Press: ? - help, Shift-Dir - straight line, f - giant cockroach
Aim: a giant cockroach (clinging)
The magic dart hits the giant cockroach.
The giant cockroach is severely wounded.
The giant cockroach closely misses you.
You now have 9/10 mp.
Casting: Magic Dart (safe; 4% risk of failure)
Confirm with . or Enter, or press ? or * to list all spells.
Aiming: Magic Dart (safe; 4% risk of failure)
Press: ? - help, Shift-Dir - straight line, f/p - giant cockroach
Aim: a giant cockroach (severely wounded, clinging)
The magic dart hits the giant cockroach.
The giant cockroach is severely wounded.
The giant cockroach bites you.
* * * LOW HITPOINT WARNING * * *
You now have 8/10 mp.
Casting: Magic Dart (safe; 4% risk of failure)
Confirm with . or Enter, or press ? or * to list all spells.
Aiming: Magic Dart (safe; 4% risk of failure)
Press: ? - help, Shift-Dir - straight line, f/p - giant cockroach
Aim: a giant cockroach (severely wounded, clinging)
You miscast Magic Dart.
You are very lightly contaminated with residual magic.
Nothing appears to happen.
The giant cockroach closely misses you. The giant cockroach misses you.
You now have 7/10 mp.
Casting: Magic Dart (safe; 4% risk of failure)
Confirm with . or Enter, or press ? or * to list all spells.
Aiming: Magic Dart (safe; 4% risk of failure)
Press: ? - help, Shift-Dir - straight line, f/p - giant cockroach
Aim: a giant cockroach (severely wounded, clinging)
The magic dart hits the giant cockroach.
You kill the giant cockroach!
The giant cockroach bites you but does no damage.
You now have 6/10 mp.
Casting: Magic Dart (safe; 4% risk of failure)
Confirm with . or Enter, or press ? or * to list all spells.
Aiming: Magic Dart (safe; 4% risk of failure)
Press: ? - help, Shift-Dir - straight line, f - giant cockroach
Aim: a giant cockroach (clinging)
You miscast Magic Dart.
Nothing appears to happen.
The giant cockroach bites you but does no damage.
You now have 5/10 mp.
Casting: Magic Dart (safe; 4% risk of failure)
Confirm with . or Enter, or press ? or * to list all spells.
Aiming: Magic Dart (safe; 4% risk of failure)
Press: ? - help, Shift-Dir - straight line, f/p - giant cockroach
Aim: a giant cockroach (clinging)
The magic dart hits the giant cockroach.
The giant cockroach bites you.
You die...

#.........#
#.$.......# ......
#.........# #.....#
#.........# #.....#
#.....(..(# #.†...#
∆#.........### #.....#
#.........†.# #.....#
#..........l####.....#
#..........KKs@......#
#...........####.....#
#...........# #.....#
#...........# #.....#
#...........#
#.....#######
#$..........#
#............
#...........#
#....########
.........# #....#
.....†...#
####.#######


You could see a giant cockroach, 2 kobolds and a frilled lizard.

Vanquished Creatures
  2 leopard geckos (D:1)
  2 bats (D:1)
  A giant cockroach (D:1)
  A goblin (D:1)
  3 hobgoblins (D:1)
  A rat (D:1)
10 creatures vanquished.

Notes
Turn   | Place    | Note
-------+----------+-------------------------------------------
     0 | D:1      | Monsterracer the Gnoll Wizard began the quest for the Orb.
     0 | D:1      | Reached XP level 1. HP: 13/13 MP: 8/8
    70 | D:1      | Reached XP level 2. HP: 19/19 MP: 0/10
   287 | D:1      | HP: 9/20 [kobold/dagger (3)]
   288 | D:1      | HP: 4/20 [giant cockroach (2)]
   300 | D:1      | HP: 2/20 [giant cockroach (1)]
   304 | D:1      | Slain by a giant cockroach

Skill      XL: |  1 |
---------------+----+-----
Conjurations   | 2 |  2.0
Summonings     | 2 |  2.0
Translocations | 2 |  2.0
Fighting       | |  0.4
Short Blades   | |  0.4
Long Blades    | |  0.4
Axes           | |  0.4
Maces & Flails | |  0.4
Polearms       | |  0.4
Staves         | |  0.4
Slings         | |  0.4
Bows           | |  0.4
Crossbows      | |  0.4
Throwing       | |  0.4
Armour         | |  0.4
Dodging        | |  4.5
Stealth        | |  4.1
Shields        | |  0.4
Unarmed Combat | |  0.4
Spellcasting   | |  7.1
Hexes          | |  0.2
Charms         | |  0.2
Necromancy     | |  0.2
Transmutations | |  0.2
Fire Magic     | |  0.2
Ice Magic      | |  0.2
Air Magic      | |  0.2
Earth Magic    | |  0.2
Poison Magic   | |  0.2
Invocations    | |  0.5
Evocations     | |  0.4

Action                   || total
-------------------------++-------
 Cast: Magic Dart        ||    25
Armor: Robe              ||     2
Dodge: Dodged            ||    18

Vault maps used:
D:1:      saegor_arrival_simple_c
